 Dungeon Crawl Stone Soup version 0.30-a0-297-g0ec75d9ef4 (webtiles) character file.

Game seed: 12406611994388409682

691 Bnni the Shooter (level 7, -3/82 HPs)
             Began as a Formicid Hunter on Oct 18, 2022.
             Was an Initiate of Okawaru.
             Slain by an ogre
             ... wielding a +0 giant club
              (21 damage)
             ... on level 5 of the Dungeon.
             The game lasted 00:06:36 (3717 turns).

Bnni the Shooter (Formicid Hunter)                  Turns: 3717, Time: 00:06:37

Health: -3/82      AC: 23    Str: 16    XL:     7   Next: 95%
Magic:  7/7        EV:  2    Int:  8    God:    Okawaru [......]
Gold:   360        SH:  0    Dex: 19    Spells: 6/6 levels left

rFire   . . .      SeeInvis .    i - +0 dagger (venom)
rCold   . . .      Faith    .    (no shield)
rNeg    . . .      Spirit   .    (body armour currently unavailable)
rPois   +          Reflect  .    (helmet unavailable)
rElec   .          Harm     .    (cloak currently unavailable)
rCorr   .          Rampage  .    (gloves currently unavailable)
Will    +....                    (boots currently unavailable)
Stlth   ++........               r - amulet of regeneration
HPRegen 1.13/turn                m - ring of willpower
MPRegen 0.10/turn                (no ring)

@: mighty, tree-form, invisible
A: stationary, stasis, torment immunity, boosted hp, permanent stasis, dig
shafts and tunnels, (antennae 3), four strong arms
a: Renounce Religion


You were on level 5 of the Dungeon.
You worshipped Okawaru.
Okawaru was noncommittal.
You were a tree.
You visited 2 branches of the dungeon, and saw 6 of its levels.

You collected 386 gold pieces.
You spent 26 gold pieces at shops.

Inventory:

Hand Weapons
 a - a +0 shortbow
 i - a +0 dagger of venom (weapon)
Missiles
 k - 6 poisoned darts
Armour
 h - a +0 pair of boots (melded)
 n - a +0 cloak of poison resistance (melded)
 t - a +0 ring mail (melded)
Jewellery
 m - a ring of willpower (left branch)
 r - an amulet of regeneration (around neck)
Wands
 c - a wand of roots (6)
Scrolls
 b - a scroll of immolation
 d - 2 scrolls of amnesia
 f - a scroll of fear {unknown}
 g - a scroll of butterflies {unknown}
 j - a scroll of poison
 q - 2 scrolls of magic mapping


   Skills:
 + Level 4.8 Fighting
 * Level 7.0 Ranged Weapons
 + Level 4.2 Armour
 - Level 1.7 Dodging
 - Level 1.2 Stealth


You had 6 spell levels left.
You didn't know any spells.
Your spell library contained the following spells:

 Spells                   Type           Power      Damage    Failure   Level
 Freeze                   Ice            0%         1d3       41%         1
 Kiss of Death            Conj/Necr      0%         2d5       41%         1
 Sublimation of Blood     Necr           0%         N/A       54%         2
 Wereblood                Tmut           0%         N/A       54%         2
 Ozocubu's Refrigeration  Ice            0%         4d7       100%        7
 Malign Gateway           Summ/Tloc      Unusable   N/A       N/A         7
 Summon Hydra             Summ           Unusable   N/A       N/A         7
 Summon Horrible Things   Summ           Unusable   N/A       N/A         8

Dungeon Overview and Level Annotations

Branches:
Dungeon (5/15)             Temple (1/1) D:4

Altars:
Ashenzari
Cheibriados
Dithmenos
Kikubaaqudgha
Makhleb
Okawaru
Ru
Vehumet
Yredelemnul
Zin
The Shining One

Shops:
D:2 ?


Innate Abilities, Weirdness & Mutations

You are a tree.
Your roots penetrate the ground, keeping you stationary.
You cannot be teleported.
You are immune to unholy pain and torment.
Your maximum health is greatly increased.
Your equipment is partially melded.
You cannot be hasted, slowed, berserked, paralysed or teleported.
You can dig through walls and to a lower floor.
((You have a pair of large antennae on your head. (SInv)))
Your four strong arms can wield two-handed weapons with a shield.


Message History

Unknown command.
Really quaff the potion of lignification?
You turn into a tree.
Your +0 cloak of poison resistance melds into your body.
Your +0 pair of boots melds into your body.
Your +0 ring mail melds into your body.
You no longer feel resistant to poison.
Your roots penetrate the ground.
The howler monkey hits you but does no damage.
The scorpion stings you but does no damage.
You fade into invisibility!
The howler monkey hits you but does no damage.
The ogre hits you with a +0 giant club.
* * * LOW HITPOINT WARNING * * *
The scorpion barely misses you.
The howler monkey completely misses you.
Okay, then.
Your +0 dagger of venom begins to drip with poison!
i - a +0 dagger of venom (weapon)
The scorpion stings you but does no damage.
You feel very mighty all of a sudden. The howler monkey hits you.
* * * LOW HITPOINT WARNING * * *
The ogre hits you but does no damage.
The scorpion stings you but does no damage.
You barely miss the ogre. The howler monkey hits you.
* * * LOW HITPOINT WARNING * * *
The scorpion stings you but does no damage.
The ogre hits you with a +0 giant club.
* * * LOW HITPOINT WARNING * * *
The howler monkey hits you but does no damage.
Okay, then.
You hit the ogre.
The ogre is poisoned.
The ogre is lightly wounded.
The scorpion stings you but does no damage.
The howler monkey hits you but does no damage.
You hit the ogre.
The ogre looks as sick as possible!
The ogre is moderately wounded.
The scorpion stings you but does no damage.
The ogre hits you with a +0 giant club!!
You die...

.######.#####+##....#
+###.##§### #....#
.....§☼§#○ ...
.....§○☼§ ..
########§☼☼#
§§§☼○§§#§§§#######
§○§○§§§#§☼§§§§☼...
§§§§§§s#O§§§☼§§...
☼☼§☼§§h♣§#...##..#
#+########...# .#
....# ....# ....#
#....# ####


You could see an ogre (unable to see you, extremely poisoned), a scorpion
(unable to see you) and a howler monkey (unable to see you).

Vanquished Creatures
  A sky beast (D:4)
  A black bear (D:5)
  An ogre (D:5)
  A scorpion (D:4)
  A hound (D:4)
  2 orc priests (D:3)
  Crazy Yiuf (D:3)
  2 iguanas
  2 orc wizards
  3 adders
  An ufetubus (D:3)
  2 worms
  3 dart slugs
  13 orcs
  8 bats
  2 bat zombies (D:3)
  11 endoplasms
  3 giant cockroaches
  4 hobgoblins
  A jackal (D:4)
  3 quokkas
  8 ball pythons
  9 frilled lizards
  6 goblins
  8 kobolds
  4 rats
  2 rat zombies (D:3)
103 creatures vanquished.

Notes
Turn   | Place    | Note
-------+----------+-------------------------------------------
     0 | D:1      | Bnni the Formicid Hunter began the quest for the Orb.
     0 | D:1      | Reached XP level 1. HP: 16/16 MP: 1/1
    91 | D:1      | Reached XP level 2. HP: 23/23 MP: 2/2
   117 | D:1      | Found a faded altar of an unknown god.
   233 | D:1      | Reached skill level 1 in Armour
   309 | D:1      | Reached XP level 3. HP: 28/28 MP: 3/3
   874 | D:2      | Found Yleg's Magic Scroll Shop.
   888 | D:2      | Reached XP level 4. HP: 15/34 MP: 4/4
   999 | D:2      | Bought a scroll of identify for 26 gold pieces
  1353 | D:3      | Reached skill level 5 in Ranged Weapons
  1365 | D:3      | Reached XP level 5. HP: 13/41 MP: 5/5
  1744 | D:3      | Found an ancient bone altar of Kikubaaqudgha.
  1876 | D:3      | Reached XP level 6. HP: 27/47 MP: 6/6
  1963 | D:3      | Found a runed translucent door.
  1964 | D:3      | Noticed Crazy Yiuf
  2037 | D:3      | Killed Crazy Yiuf
  2355 | D:4      | Found a sacrificial altar of Ru.
  2426 | D:4      | Reached skill level 6 in Ranged Weapons
  2471 | D:4      | Found a shadowy altar of Dithmenos.
  2471 | D:4      | Found a basalt altar of Yredelemnul.
  2654 | D:4      | Got the Folio of Chilled Evil Mysteries
  2717 | D:4      | Noticed a sky beast
  2720 | D:4      | Reached XP level 7. HP: 54/54 MP: 7/7
  2831 | D:4      | Found a staircase to the Ecumenical Temple.
  2838 | Temple   | Entered the Ecumenical Temple
  2867 | Temple   | Became a worshipper of Warmaster Okawaru
  3435 | D:5      | Entered Level 5 of the Dungeon
  3660 | D:5      | Reached skill level 7 in Ranged Weapons
  3717 | D:5      | Slain by an ogre

Illustrated notes

Levels and vault maps discovered:
D:1:      psy_arrival_heroes, layout_loops_ring,
          dreamdust_ecumenical_altar_grove
D:2:      layout_rooms, serial_shops, nicolae_shop_stone, chequers_mini_garden
D:3:      cheibrodos_pilgrimage, layout_basic,
          lemuel_zombie_altar_kikubaaqudgha, uniq_crazy_yiuf_cottage
D:4:      layout_basic, nicolae_ru_great_annihilating_truth,
          jmf_multi_god_temple, temple_green, minmay_crystal_water
D:5:      layout_gridville, minmay_misc_feat_tiny
Temple:   jpeg_temple_clearing

Skill      XL: |  1  2  3  4  5  6  7 |
---------------+----------------------+-----
Armour         | 1 2 3 4 |  4.2
Fighting       | 3 4 |  4.8
Ranged Weapons | 5 6 7 |  7.0
Dodging        | |  1.7
Stealth        | |  1.2

Action                   |  1- 3 |  4- 6 |  7- 9 || total
-------------------------+-------+-------+-------++-------
Melee: Dagger            |     7 |    15 |     9 ||    31
 Fire: Shortbow          |    86 |   162 |    68 ||   316
Throw: Dart              |       |       |     1 ||     1
  Use: Scroll            |       |     9 |     4 ||    13
       Potion            |       |     1 |     3 ||     4
Armor: Leather armour    |     7 |    16 |     5 ||    28
       Ring mail         |       |       |    17 ||    17
       Skin              |       |       |    11 ||    11
Dodge: Dodged            |    25 |    66 |    34 ||   125

Table legend: (Time is in decaauts)
 A = Elapsed time spent in this place.
 B = Non-inter-level travel time spent in this place.
 C = Inter-level travel time spent in this place.
 D = Time resting spent in this place.
 E = Time spent auto-exploring this place.
 F = Levels seen in this place.
 G = Mean time per level.
                   A        B        C        D        E       F      G
               +--------+--------+--------+--------+--------+-----+--------+
         Total |   3797 |   3579 |    218 |    136 |   2664 |   6 |  632.8 |
       Dungeon |   3740 |   3548 |    192 |    136 |   2648 |   5 |  748.0 |
        Temple |     56 |     30 |     26 |      0 |     16 |   1 |   56.0 |
               +--------+--------+--------+--------+--------+-----+--------+

Top non-repeatable levels by time:
     D:4: 1083 daAuts
     D:3: 1041 daAuts
     D:1: 732 daAuts
     D:2: 590 daAuts
     D:5: 292 daAuts
  Temple: 56 daAuts
